Map: Eastwatch LE

Players

IIIIIIIIIIII - Winner!

  • Race: Terran Terran
  • League: Grandmaster
  • Spawn Location: 7:00

slrkrpaktdmf

  • Race: Terran Terran
  • League: Master
  • Spawn Location: 1:00

VOD

Have the link to the VOD?

Description

Time

  • Played on: Feb. 9, 2018, 6:58 a.m.
  • Length: 10:12
Show
View Real Time Build Order
Export as new Build Order

IIIIIIIIIIII Terran - Winner!

Build Orders: Cyclone Opening, Reaper Expand, MMM Bio 

Get SALT Encoding   

  12  0:00  SCV  
  13  0:12  SCV  
  14  0:17  Supply Depot  
  14  0:25  SCV  
  14  0:28  Refinery  
  15  0:39  SCV  
  16  0:45  Barracks  
  16  0:51  SCV  
  17  1:03  SCV  
  18  1:15  SCV  
  19  1:32  Orbital Command  
  19  1:33  Reaper  
  20  1:51  Command Center  
  20  1:57  Factory  
  20  2:03  SCV  
  21  2:10  Refinery  
  21  2:15  SCV  
  22  2:16  Barracks Reactor  
  22  2:21  Supply Depot  
  22  2:27  SCV  
  22  2:39  SCV  
  22  2:43  Cyclone  
  26  2:51  SCV  
  26  2:52  Marine x2  
  29  2:58  Starport  
  29  3:03  SCV  
  30  3:08  Orbital Command  
  30  3:11  Marine  
  31  3:15  Marine  
  32  3:22  Cyclone  
  32  3:24  SCV  
  36  3:31  Engineering Bay  
  36  3:32  Orbital Command  
  36  3:40  Marine x2  
  38  3:42  Viking  
  38  3:48  SCV  
  44  3:58  Factory Tech Lab  
  44  3:59  SCV  
  44  4:00  SCV  
  43  4:05  Marine x2  
  45  4:19  SCV x2  
  46  4:36  SCV x2, Marine x2, Raven, Supply Depot  
  52  4:48  SCV x2  
  52  4:49  Factory Tech Lab  
  54  5:00  Command Center, Barracks Tech Lab  
  54  5:01  SCV x2  
  54  5:07  Supply Depot  
  56  5:12  Siege Tank  
  56  5:13  SCV  
  56  5:14  SCV  
  61  5:19  Marine  
  62  5:24  Stimpack  
  61  5:30  SCV  
  61  5:31  SCV, Barracks  
  61  5:32  Barracks  
  61  5:33  Starport Reactor  
  63  5:42  SCV  
  64  5:43  SCV  
  64  5:44  Refinery  
  64  5:45  Marine, Refinery  
  66  5:51  Siege Tank  
  66  5:54  SCV  
  70  5:59  Supply Depot  
  70  6:00  Supply Depot  
  70  6:10  Terran Infantry Weapons Level 1  
  70  6:11  SCV  
  70  6:12  SCV  
  70  6:14  Barracks  
  70  6:15  Barracks  
  73  6:20  Orbital Command  
  73  6:23  SCV  
  73  6:25  SCV  
  74  6:27  Medivac  
  74  6:29  Marine x2  
  74  6:30  Medivac  
  80  6:35  SCV  
  80  6:37  SCV, Marine  
  80  6:38  Marine  
  80  6:39  Combat Shields  
  84  6:48  SCV, Orbital Command  
  84  6:49  SCV  
  84  6:53  Marine x2  
  88  6:56  Siege Tank  
  88  7:00  SCV  
  88  7:01  SCV  
  93  7:03  Barracks Reactor, Barracks Tech Lab  
  93  7:12  SCV, Marine  
  93  7:13  SCV, Marine, Marauder x2  
  93  7:15  Supply Depot x2  
  101  7:25  Concussive Shells  
  101  7:31  Engineering Bay, Armory  
  101  7:34  Supply Depot x2  
  101  7:35  Supply Depot  
  101  7:36  Medivac, Marine, SCV x2  
  105  7:38  Marauder  
  105  7:40  Refinery  
  105  7:41  Refinery  
  108  7:55  Marine  
  108  7:56  Marine x5  
  114  7:58  Marine  
  96  8:13  Marine x4  
  96  8:14  Marine, Marauder  
  96  8:17  Marauder  
  96  8:19  Medivac  
  102  8:21  SCV x3  
  100  8:31  Marine x4  
  100  8:32  Marauder  
  100  8:33  SCV x3  
  109  8:35  Marine  
  109  8:38  Marauder  
  112  8:43  Medivac  
  112  8:45  SCV x3  
  117  8:49  Medivac, Marine x2  
  117  8:53  Marauder x2  
  117  8:54  Marine  
  117  8:55  Marine  
  127  8:57  SCV  
  127  9:00  Marauder  
  127  9:01  Supply Depot  
  127  9:02  SCV, Supply Depot  
  131  9:03  SCV  
  131  9:06  Supply Depot  
  132  9:19  Marine x2  
  132  9:20  Marauder x2  
  136  9:32  Marine x2  
  136  9:33  Medivac x2, Marauder  
  136  9:35  SCV x2  
  139  9:38  Marine  
  139  9:41  Marauder x2  
  139  9:43  Barracks  
  139  9:44  Barracks  
  144  9:46  Barracks  
  144  9:53  SCV x2  
  144  9:55  Command Center  
  150  10:02  Starport  
  150  10:04  Fusion Core  
Show
View Real Time Build Order
Export as new Build Order

slrkrpaktdmf Terran 

Build Orders: 1/1/1, Cyclone Opening, Mech 

Get SALT Encoding   

  12  0:00  SCV  
  13  0:12  SCV  
  14  0:17  Supply Depot  
  14  0:24  SCV  
  14  0:27  Refinery  
  15  0:39  SCV  
  16  0:45  Barracks  
  16  0:51  SCV  
  16  0:54  Refinery  
  17  1:03  SCV  
  18  1:15  SCV  
  20  1:33  Factory  
  20  1:34  Orbital Command  
  20  1:36  Reaper  
  20  1:52  Supply Depot  
  20  1:59  SCV  
  21  2:08  Reaper  
  22  2:11  SCV  
  23  2:17  Starport  
  23  2:23  SCV  
  23  2:26  Cyclone  
  27  2:35  SCV  
  27  2:36  Liberator, Supply Depot  
  28  2:58  SCV, Supply Depot  
  32  3:08  Cyclone  
  32  3:10  SCV  
  36  3:21  Barracks Reactor  
  36  3:22  SCV  
  37  3:33  Command Center  
  37  4:04  SCV  
  38  4:11  Supply Depot, Cyclone  
  38  4:12  Supply Depot, Cyclone  
  38  4:16  SCV  
  43  4:28  SCV  
  41  4:40  SCV  
  41  4:43  Cyclone  
  41  4:44  Cyclone  
  48  4:48  Orbital Command  
  48  4:49  Factory  
  48  4:50  Refinery  
  48  4:52  Refinery  
  48  4:54  SCV  
  48  4:55  Barracks Reactor  
  49  5:06  SCV  
  50  5:13  Armory  
  50  5:14  SCV  
  50  5:18  SCV  
  52  5:24  Supply Depot  
  52  5:26  SCV, Supply Depot  
  52  5:28  Cyclone  
  56  5:38  Cyclone  
  56  5:42  SCV  
  60  5:49  Cyclone  
  63  5:51  SCV  
  64  6:01  SCV  
  68  6:07  SCV  
  66  6:19  SCV x2  
  62  6:26  Command Center  
  62  6:28  Factory Tech Lab  
  62  6:31  SCV x2  
  62  6:32  Factory Tech Lab  
  64  6:38  Barracks Reactor  
  64  6:39  Barracks Tech Lab  
  64  6:43  SCV  
  64  6:44  SCV, Barracks Reactor  
  66  6:53  Siege Tank x2  
  72  6:54  Viking  
  72  6:55  SCV, Viking  
  72  6:56  SCV, Terran Vehicle Weapons Level 1  
  78  7:07  SCV  
  79  7:09  Engineering Bay  
  79  7:12  SCV  
  79  7:13  Supply Depot  
  80  7:16  Supply Depot  
  80  7:19  SCV  
  81  7:24  SCV  
  81  7:25  Siege Tank x2  
  88  7:31  Factory  
  88  7:32  Factory  
  88  7:35  Factory  
  88  7:39  Refinery  
  85  8:05  Siege Tank x2  
  60  8:18  SCV x2  
  54  8:25  Viking x2  
  50  8:30  SCV x2  
  52  8:37  Factory Tech Lab, Hellion  
  52  8:38  Hellion  
  52  8:39  Hellion  
  52  8:40  Hellion x2  
  62  8:42  SCV  
  62  8:45  SCV x2  
  65  8:55  Medivac x2  
  65  8:59  Hellion  
  71  9:06  Hellion x3  
  71  9:07  SCV x2  
  75  9:18  Orbital Command  
  73  9:37  Siege Tank x3  
  73  9:38  Hellion x4  
  65  9:51  SCV x2  
Tags
 
Add a new tag
Caveats
  • Supply blocks, unpowered buildings, or Contaminate may cause inaccurate times.
  • Supply counts are checked every 10 seconds.